TOP OF THE 1ST |
Vista Panthers batting - Pitching for Pocatello Boccabellas : LHP Rod Adams
|
Pitching: LHP Rod Adams
|
|
Batting: RHB Griswold Coleman
|
0-0: Foul Ball, location: 2F 0-1: Foul Ball, location: 2F 0-2: Ball 1-2: Ball 2-2: SOLO HOME RUN (Flyball, 8LXD), Distance : 435 ft
|
Batting: RHB John Mendelson
|
0-0: Called Strike 0-1: Ball 1-1: Foul Ball, location: 2F 1-2: Ball 2-2: Ball 3-2: Foul Ball, location: 2F 3-2: Foul Ball, location: 2F 3-2: SINGLE (Groundball, 6MD)
|
Batting: SHB Mark Wells
|
0-0: Foul Ball, location: 2F 0-1: Ball 1-1: Ball 2-1: Swinging Strike 2-2: Foul Ball, location: 2F 2-2: Grounds into double play, 5-4-3 (Groundball, 56)
|
Batting: LHB Donovan Bird
|
0-0: Ball 1-0: Foul Ball, location: 2F 1-1: Swinging Strike 1-2: Strikes out swinging
|
Top of the 1st over - 1 run(s), 2 hit(s), 0 error(s), 0 left on base; Vista 1 - Pocatello 0 |
BOTTOM OF THE 1ST |
Pocatello Boccabellas batting - Pitching for Vista Panthers : RHP Randy Mailman
|
Pitching: RHP Randy Mailman
|
|
Batting: RHB Tomás Carranza
|
0-0: Ball 1-0: Called Strike 1-1: Swinging Strike 1-2: DOUBLE (Line Drive, 78D)
|
Batting: LHB Jim Jensen
|
0-0: Called Strike 0-1: Called Strike 0-2: Foul Ball, location: 2F 0-2: Ball 1-2: Ball 2-2: Fly out, F8 (Flyball, 8RD) Runner from 2nd tags up, SAFE at 3rd, no throw
|
Batting: RHB Marlon Phipps
|
0-0: Ball 1-0: Called Strike 1-1: Foul Ball, location: 2F 1-2: Strikes out swinging
|
Batting: LHB Juan Cortés
|
0-0: Called Strike 0-1: Foul Ball, location: 2F 0-2: Ball 1-2: Strikes out swinging
|
Bottom of the 1st over - 0 run(s), 1 hit(s), 0 error(s), 1 left on base; Vista 1 - Pocatello 0 |
TOP OF THE 2ND |
Vista Panthers batting - Pitching for Pocatello Boccabellas : LHP Rod Adams
|
Batting: RHB Salvador Salas
|
0-0: Foul Ball, location: 2F 0-1: Foul Ball, location: 2F 0-2: Ball 1-2: Foul Ball, location: 2F 1-2: Fly out, F8 (Flyball, 8LM)
|
Batting: RHB Phil Matthews
|
0-0: Called Strike 0-1: Swinging Strike 0-2: Ball 1-2: SINGLE (Line Drive, 7S)
|
Batting: LHB Bob Cunningham
|
0-0: Called Strike 0-1: Swinging Strike 0-2: Foul Ball, location: 2F 0-2: Foul Ball, location: 2F 0-2: Foul Ball, location: 2F 0-2: Ball 1-2: Ball 2-2: Ground out 3-1 (Groundball, 3) Phil Matthews to second
|
Batting: RHB Cisco Gatán
|
0-0: Called Strike 0-1: Called Strike 0-2: Ball 1-2: Ground out 6-3 (Groundball, 6)
|
Top of the 2nd over - 0 run(s), 1 hit(s), 0 error(s), 1 left on base; Vista 1 - Pocatello 0 |
BOTTOM OF THE 2ND |
Pocatello Boccabellas batting - Pitching for Vista Panthers : RHP Randy Mailman
|
Batting: RHB Francisco Sandoval
|
0-0: Swinging Strike 0-1: SINGLE (Line Drive, 89M)
|
Batting: LHB Vicente Bueno
|
0-0: SINGLE (Flyball, 89S) Francisco Sandoval to second Runner from 2nd tries for 3rd, SAFE, throw made to third
|
Batting: RHB Pedro Guzmán
|
0-0: Ball 1-0: Fielders Choice at 2nd, 4-6 (Groundball, 4) Francisco Sandoval scores
|
Batting: RHB José Delgado
|
0-0: Foul Ball, location: 2F 0-1: Ball 1-1: Foul Ball, location: 2F 1-2: Ball 2-2: Grounds into double play, 4-6-3 (Groundball, 4)
|
Bottom of the 2nd over - 1 run(s), 2 hit(s), 0 error(s), 0 left on base; Vista 1 - Pocatello 1 |
TOP OF THE 3RD |
Vista Panthers batting - Pitching for Pocatello Boccabellas : LHP Rod Adams
|
Batting: RHB Justin Burgess
|
0-0: Ball 1-0: SINGLE (Groundball, 6MD)
|
Batting: RHB Griswold Coleman
|
0-0: Ball 1-0: SINGLE (Groundball, 56D) Justin Burgess to second
|
Batting: RHB John Mendelson
|
0-0: Ball 1-0: Ball 2-0: Called Strike 2-1: Ball 3-1: Grounds into double play, 6-4-3 (Groundball, 6) Justin Burgess to third
|
Batting: SHB Mark Wells
|
0-0: Ball 1-0: Called Strike 1-1: Called Strike 1-2: Ball 2-2: Ball 3-2: Base on Balls
|
Batting: LHB Donovan Bird
|
0-0: Called Strike 0-1: Ball 1-1: SINGLE (Groundball, 4MD) Justin Burgess scores Mark Wells to second Runner from 2nd tries for 3rd, OUT!
|
Top of the 3rd over - 1 run(s), 3 hit(s), 0 error(s), 1 left on base; Vista 2 - Pocatello 1 |
BOTTOM OF THE 3RD |
Pocatello Boccabellas batting - Pitching for Vista Panthers : RHP Randy Mailman
|
Batting: SHB Nick Cox
|
0-0: Ball 1-0: Foul Ball, location: 2F 1-1: Ground out 1-3 (Groundball, P)
|
Batting: RHB Tomás Carranza
|
0-0: Ground out 6-3 (Groundball, 6S)
|
Batting: LHB Jim Jensen
|
0-0: Swinging Strike 0-1: Foul Ball, location: 2F 0-2: DOUBLE (Line Drive, 7LD)
|
Batting: RHB Marlon Phipps
|
0-0: Swinging Strike 0-1: Ball 1-1: Foul Ball, location: 2F 1-2: Strikes out swinging
|
Bottom of the 3rd over - 0 run(s), 1 hit(s), 0 error(s), 1 left on base; Vista 2 - Pocatello 1 |
TOP OF THE 4TH |
Vista Panthers batting - Pitching for Pocatello Boccabellas : LHP Rod Adams
|
Batting: RHB Salvador Salas
|
0-0: Ball 1-0: SINGLE (Line Drive, 4MD)
|
Batting: RHB Phil Matthews
|
0-0: Ball 1-0: Fielders Choice at 2nd, 4-6 (Groundball, 4M)
|
Batting: LHB Bob Cunningham
|
0-0: Ball 1-0: Ball 2-0: Ball 3-0: Called Strike 3-1: Swinging Strike 3-2: Strikes out swinging
|
Batting: RHB Cisco Gatán
|
0-0: Called Strike 0-1: Called Strike 0-2: Foul Ball, location: 2F 0-2: Ground out 1-3 (Groundball, 13)
|
Top of the 4th over - 0 run(s), 1 hit(s), 0 error(s), 1 left on base; Vista 2 - Pocatello 1 |
BOTTOM OF THE 4TH |
Pocatello Boccabellas batting - Pitching for Vista Panthers : RHP Randy Mailman
|
Batting: LHB Juan Cortés
|
0-0: Called Strike 0-1: Called Strike 0-2: Fly out, F7 (Flyball, 78D)
|
Batting: RHB Francisco Sandoval
|
0-0: Ball 1-0: Ball 2-0: Foul Ball, location: 2F 2-1: Ball 3-1: SINGLE (Line Drive, 34D)
|
Batting: LHB Vicente Bueno
|
0-0: DOUBLE (Line Drive, 9LM) Francisco Sandoval to third Runner from 3rd tries for Home, SAFE, throw made home
|
Batting: RHB Pedro Guzmán
|
0-0: Called Strike 0-1: Foul Ball, location: 2F 0-2: Foul Ball, location: 2F 0-2: Ball 1-2: Foul Ball, location: 2F 1-2: Ball 2-2: Fly out, F7 (Flyball, 7D) Runner from 2nd tags up, SAFE at 3rd, no throw
|
Batting: RHB José Delgado
|
0-0: SINGLE (Groundball, 34D) Vicente Bueno scores
|
Batting: SHB Nick Cox
|
0-0: Called Strike José Delgado steals 2nd base 0-1: Fly out, F7 (Flyball, 7LSF)
|
Bottom of the 4th over - 2 run(s), 3 hit(s), 0 error(s), 1 left on base; Vista 2 - Pocatello 3 |
TOP OF THE 5TH |
Vista Panthers batting - Pitching for Pocatello Boccabellas : LHP Rod Adams
|
Pitching: RHP Ben Cobb
|
|
Batting: RHB Justin Burgess
|
0-0: Called Strike 0-1: Ball 1-1: Ball 2-1: DOUBLE (Line Drive, 78XD)
|
Batting: RHB Griswold Coleman
|
0-0: Ball 1-0: Called Strike 1-1: Swinging Strike 1-2: Strikes out swinging
|
Batting: RHB John Mendelson
|
0-0: Fly out, F5 (Line Drive, 5)
|
Batting: SHB Mark Wells
|
0-0: Ball 1-0: Ball 2-0: Called Strike 2-1: Ball 3-1: Called Strike 3-2: TRIPLE (Line Drive, 3L) Justin Burgess scores
|
Batting: LHB Donovan Bird
|
0-0: Called Strike 0-1: Fly out, F8 (Line Drive, 8RS)
|
Top of the 5th over - 1 run(s), 2 hit(s), 0 error(s), 1 left on base; Vista 3 - Pocatello 3 |
BOTTOM OF THE 5TH |
Pocatello Boccabellas batting - Pitching for Vista Panthers : RHP Randy Mailman
|
Pitching: RHP Dave Jackson
|
|
Batting: RHB Tomás Carranza
|
0-0: Called Strike 0-1: Foul Ball, location: 2F 0-2: Ball 1-2: Ground out 5-3 (Groundball, 5)
|
Batting: LHB Jim Jensen
|
0-0: Ball 1-0: Foul Ball, location: 2F 1-1: Called Strike 1-2: Fly out, F6 (Popup, 6D)
|
Batting: RHB Marlon Phipps
|
0-0: Called Strike 0-1: Called Strike 0-2: Foul Ball, location: 2F 0-2: Ball 1-2: Ground out 5-3 (Groundball, 56)
|
Bottom of the 5th over - 0 run(s), 0 hit(s), 0 error(s), 0 left on base; Vista 3 - Pocatello 3 |
TOP OF THE 6TH |
Vista Panthers batting - Pitching for Pocatello Boccabellas : RHP Ben Cobb
|
Batting: RHB Salvador Salas
|
0-0: Ball 1-0: Ground out 6-3 (Groundball, 6M)
|
Batting: RHB Phil Matthews
|
0-0: Ball 1-0: Ball 2-0: Ball 3-0: Base on Balls
|
Batting: LHB Bob Cunningham
|
0-0: Called Strike Phil Matthews steals 2nd base 0-1: Ball 1-1: Intentional Walk
|
Batting: RHB Cisco Gatán
|
0-0: Fly out, F7 (Flyball, 7)
|
Batting: RHB Justin Burgess
|
0-0: Foul Ball, location: 2F 0-1: Ball 1-1: Fielders Choice at 2nd, 5-4 (Groundball, 5L)
|
Top of the 6th over - 0 run(s), 0 hit(s), 0 error(s), 1 left on base; Vista 3 - Pocatello 3 |
BOTTOM OF THE 6TH |
Pocatello Boccabellas batting - Pitching for Vista Panthers : RHP Dave Jackson
|
Batting: LHB Juan Cortés
|
0-0: Ball 1-0: Called Strike 1-1: Swinging Strike 1-2: Strikes out swinging
|
Batting: RHB Francisco Sandoval
|
0-0: Ball 1-0: Foul Ball, location: 2F 1-1: Ball 2-1: Ball 3-1: Base on Balls
|
Batting: LHB Vicente Bueno
|
0-0: Ball 1-0: Foul Ball, location: 2F 1-1: Ball 2-1: Grounds into double play, 4-6-3 (Groundball, 4)
|
Bottom of the 6th over - 0 run(s), 0 hit(s), 0 error(s), 0 left on base; Vista 3 - Pocatello 3 |
TOP OF THE 7TH |
Vista Panthers batting - Pitching for Pocatello Boccabellas : RHP Ben Cobb
|
Pinch Hitting: LHB Patrick Osborne
|
0-0: Ball 1-0: Fly out, F8 (Flyball, 8LXD)
|
Pinch Hitting: RHB Luis Martínez
|
0-0: TRIPLE (Flyball, 89D)
|
Batting: RHB Alfredo López
|
0-0: Called Strike 0-1: Ball 1-1: Called Strike 1-2: Fly out, F9 (Flyball, 9S)
|
Pitching: LHP Mark Murchison
|
|
Pinch Hitting: RHB Armando Colón
|
0-0: Swinging Strike 0-1: Foul Ball, location: 2F 0-2: Ball Balk! Luis Martínez scores 1-2: Foul Ball, location: 2F 1-2: Ball 2-2: Foul Ball, location: 2F 2-2: Ball 3-2: SINGLE (Line Drive, 7S)
|
Pitching: LHP Steve Paredes
|
|
Pinch Hitting: LHB Francisco Marino
|
0-0: Called Strike 0-1: Swinging Strike 0-2: Ball 1-2: Foul Ball, location: 2F 1-2: Foul Ball, location: 2F 1-2: Fielders Choice at 2nd, 6-4 (Groundball, 6)
|
Top of the 7th over - 1 run(s), 2 hit(s), 0 error(s), 0 left on base; Vista 4 - Pocatello 3 |
BOTTOM OF THE 7TH |
Pocatello Boccabellas batting - Pitching for Vista Panthers : RHP Dave Jackson
|
Now at 1B: Luis Martínez
|
|
Now at 2B: Armando Colón
|
|
Now at 3B: Francisco Marino
|
|
Now in LF: Patrick Osborne
|
|
Batting: RHB Pedro Guzmán
|
0-0: Ground out 6-3 (Groundball, 6)
|
Batting: RHB José Delgado
|
0-0: Called Strike 0-1: Swinging Strike 0-2: Ball 1-2: Ball 2-2: Foul Ball, location: 2F 2-2: SINGLE (Line Drive, 6M)
|
Batting: SHB Nick Cox
|
0-0: Called Strike 0-1: Swinging Strike 0-2: Foul Ball, location: 2F 0-2: Ball 1-2: Ball 2-2: Ball 3-2: Foul Ball, location: 2F 3-2: Ground out 3-1 (Groundball, 34) José Delgado to second
|
Pinch Hitting: RHB Jeremy Carr
|
0-0: Ball 1-0: Swinging Strike 1-1: Called Strike 1-2: Strikes out swinging
|
Bottom of the 7th over - 0 run(s), 1 hit(s), 0 error(s), 1 left on base; Vista 4 - Pocatello 3 |
TOP OF THE 8TH |
Vista Panthers batting - Pitching for Pocatello Boccabellas : LHP Steve Paredes
|
Now in LF: Jeremy Carr
|
|
Batting: RHB Phil Matthews
|
0-0: Fly out, F7 (Line Drive, 78M)
|
Batting: LHB Bob Cunningham
|
0-0: Ball 1-0: Ground out 1-3 (Groundball, 13S)
|
Batting: RHB Cisco Gatán
|
0-0: Ground out 5-3 (Groundball, 56)
|
Top of the 8th over - 0 run(s), 0 hit(s), 0 error(s), 0 left on base; Vista 4 - Pocatello 3 |
BOTTOM OF THE 8TH |
Pocatello Boccabellas batting - Pitching for Vista Panthers : RHP Dave Jackson
|
Pitching: LHP Mario Tobías
|
|
Pinch Hitting: RHB Jackson Gibson
|
0-0: Ball 1-0: Hit by Pitch
|
Batting: LHB José Berroa
|
0-0: Called Strike 0-1: SINGLE (Groundball, 5D) Jackson Gibson to second
|
Pinch Hitting: RHB Chris Parker
|
0-0: Called Strike 0-1: Called Strike 0-2: Strikes out swinging
|
Pinch Hitting: SHB Guillermo Ortíz
|
0-0: Ball 1-0: Grounds into double play, 6-4-3 (Groundball, 6)
|
Bottom of the 8th over - 0 run(s), 1 hit(s), 0 error(s), 1 left on base; Vista 4 - Pocatello 3 |
TOP OF THE 9TH |
Vista Panthers batting - Pitching for Pocatello Boccabellas : LHP Steve Paredes
|
Pitching: RHP Nathan Walters
|
|
Now at 3B: Rob Schmidt
|
|
Now at SS: Chris Parker
|
|
Now in RF: Jackson Gibson
|
|
Pinch Hitting: LHB Brent Alonzo
|
0-0: Fly out, F8 (Flyball, 8LXD)
|
Pitching: RHP Ramón Fonseca
|
|
Batting: LHB Patrick Osborne
|
0-0: Ball 1-0: Called Strike 1-1: Ball 2-1: Swinging Strike 2-2: Foul Ball, location: 2F 2-2: Foul Ball, location: 2F 2-2: Ball 3-2: Strikes out swinging
|
Pitching: RHP César Rodríguez
|
|
Batting: RHB Luis Martínez
|
0-0: Foul Ball, location: 2F 0-1: Ball 1-1: Swinging Strike 1-2: Ball 2-2: Ball 3-2: Base on Balls
|
Pitching: RHP Mike Pierce
|
|
Batting: RHB Alfredo López
|
0-0: Ball 1-0: Ball 2-0: Ball 3-0: Base on Balls Luis Martínez to second
|
Pitching: RHP José Rojas
|
|
Batting: RHB Armando Colón
|
0-0: Foul Ball, location: 2F 0-1: Foul Ball, location: 2F 0-2: Ball 1-2: Strikes out looking
|
Top of the 9th over - 0 run(s), 0 hit(s), 0 error(s), 2 left on base; Vista 4 - Pocatello 3 |
BOTTOM OF THE 9TH |
Pocatello Boccabellas batting - Pitching for Vista Panthers : LHP Mario Tobías
|
Pitching: RHP David Simpson
|
|
Now at 2B: Brent Alonzo
|
|
Pinch Hitting: RHB Kelly Graham
|
0-0: Ball 1-0: Swinging Strike 1-1: Called Strike 1-2: Strikes out looking
|
Pinch Hitting: RHB Luis González
|
0-0: Called Strike 0-1: Foul Ball, location: 2F 0-2: Strikes out swinging
|
Pinch Hitting: LHB Will Hill
|
0-0: Ball 1-0: Foul Ball, location: 2F 1-1: Called Strike 1-2: Strikes out swinging
|
Bottom of the 9th over - 0 run(s), 0 hit(s), 0 error(s), 0 left on base; Vista 4 - Pocatello 3 |
|